 Dungeon Crawl Stone Soup version 0.26-a0-660-gc07710193c (webtiles) character file.

Game seed: 16001531377133145356

4122 robertstho the Grappler (level 10, -1/144 HPs)
             Began as a Troll Berserker on Oct 6, 2020.
             Was a High Priest of Trog.
             Slain by a ten-headed hydra (15 damage)
             ... on level 9 of the Dungeon.
             The game lasted 00:10:37 (7058 turns).

robertstho the Grappler (Troll Berserker)           Turns: 7058, Time: 00:10:38

Health: -1/144     AC:  7    Str: 34    XL:     10   Next: 6%
Magic:  9/9        EV:  9    Int:  5    God:    Trog [*****.]
Gold:   91         SH: 10    Dex:  9    Spells: 9/9 levels left

rFire    . . .     SeeInvis .     - Unarmed
rCold    . . .     Faith    .   u - +0 kite shield
rNeg     . . .     Spirit   .   a - +0 animal skin
rPois    .         Reflect  .   (helmet restricted)
rElec    .         Harm     .   n - +0 cloak
rCorr    .         Rampage  .   (gloves unavailable)
MR       .....                  (boots unavailable)
Stlth    ..........             (no amulet)
HPRegen  0.74/turn              z - +4 ring of slaying
MPRegen  0.11/turn              h - +6 ring of strength

@: berserking, very quick
A: large, unfitting armour, claws 3, regeneration 1, shaggy fur 1, tough skin 3
a: Berserk, Trog's Hand, Brothers in Arms, Renounce Religion


You were on level 9 of the Dungeon.
You worshipped Trog.
Trog was extremely pleased with you.
You visited 1 branch of the dungeon, and saw 9 of its levels.

You collected 629 gold pieces.
You spent 538 gold pieces at shops.

Inventory:

Hand Weapons
 m - a +3 quarterstaff of chaos
 t - a +3 dire flail of protection
Armour
 a - a +0 animal skin (worn)
 n - a +0 cloak (worn)
 u - a +0 kite shield (worn)
Jewellery
 d - an uncursed ring of fire
 f - a cursed ring of teleportation {unknown}
 h - a +6 ring of strength (right claw)
 j - an uncursed ring of protection from fire
 z - a +4 ring of slaying (left claw)
Wands
 x - a wand of acid (14)
 y - a wand of paralysis (7)
 D - a wand of flame (19)
 E - a wand of disintegration (11)
 G - a wand of random effects (12)
Scrolls
 b - 4 scrolls of magic mapping
 e - 2 scrolls of enchant weapon
 g - 5 scrolls of blinking
 k - 8 scrolls of remove curse
 l - 3 scrolls of fog
 q - 6 scrolls of teleportation
 s - 2 scrolls of holy word
 w - a scroll of enchant armour
 F - a scroll of fear {unknown}
 H - a scroll of silence
Potions
 c - a potion of might
 i - a potion of berserk rage
 o - 7 potions of curing
 p - a potion of flight
 r - a potion of resistance
 v - 3 potions of lignification
 A - 2 potions of mutation
 B - a potion of heal wounds


   Skills:
 * Level 5.3 Fighting
 + Level 4.9 Dodging
 + Level 1.3 Stealth
 + Level 3.1 Shields
 * Level 11.6 Unarmed Combat


You had 9 spell levels left.
You didn't know any spells.
Your spell library was empty.

Dungeon Overview and Level Annotations

Branches:
Dungeon (9/15)             Temple (0/1) D:6
   Lair: D:8-11         Orc: D:9-12

Altars:
Ashenzari
Cheibriados
Elyvilon
Fedhas
Gozag
Kikubaaqudgha
Makhleb
Nemelex Xobeh
Okawaru
Qazlal
Ru
Sif Muna
Uskayaw
Wu Jian
Xom
Yredelemnul
The Shining One

Shops:
D:5 ?

Annotations:
D:5 1 runed translucent door
D:6 1 runed translucent door
D:8 Need wand of digging for vault
D:9 2 runed translucent doors


Innate Abilities, Weirdness & Mutations

You are too large for most types of armour.
You have claws for hands.
Your natural rate of healing is unusually fast.
You are covered in fur. (AC +1)
You have extremely tough skin. (AC +3)


Message History

The nine-headed hydra bites you! The nine-headed hydra bites you.
The nine-headed hydra bites you!
* * * LOW HITPOINT WARNING * * *
The nine-headed hydra bites you.
* * * LOW HITPOINT WARNING * * *
You claw one of the nine-headed hydra's heads off!
The eight-headed hydra grows two more!
You mangle the ten-headed hydra!!
The ten-headed hydra is severely wounded.
Unknown command.
You completely miss the ten-headed hydra.
The ten-headed hydra is severely wounded.
You block the ten-headed hydra's attack.
The ten-headed hydra bites you!
* * * LOW HITPOINT WARNING * * *
The ten-headed hydra bites you.
* * * LOW HITPOINT WARNING * * *
You block the ten-headed hydra's attack. x2
The ten-headed hydra bites you but does no damage.
The ten-headed hydra bites you!
You die...

......#8....8#
......#=....}#
#.....#}....?#
#.....#8....8#
#.....##8.c8#####
#......##++##.'.##
+.............##.#
#.......##+#..#.####.#
#.......#.....##@DBh#
........#......######
........#<.......
#########.......#.
#...............# .
#...............#
#...............#
#...............#
#...............#


You could see a ten-headed hydra, a howler monkey and a worker ant.

Vanquished Creatures
  A two-headed ogre (D:9)
  Eustachio (D:5)
  2 vampire mosquitoes (D:9)
  Edmund (D:5)
  2 orc warriors
  2 black bears
  An ice beast (D:8)
  2 phantoms
  A sky beast (D:9)
  2 ogres
  A big kobold (D:7)
  A bullfrog (D:7)
  A wyvern skeleton (D:8)
  3 scorpions
  4 killer bees (D:9)
  5 wights
  4 howler monkeys
  2 centaur zombies
  2 hounds
  An orc priest (D:8)
  Crazy Yiuf (D:2)
  8 orc wizards
  Jessica (D:3)
  A human skeleton (D:5)
  4 iguanas
  5 worker ants
  2 hound skeletons
  4 worker ant zombies
  14 gnolls
  12 adders
  A white imp (D:6)
  2 ufetubi
  An adder skeleton (D:9)
  An adder zombie (D:6)
  A worm (D:3)
  3 dart slugs
  A leopard gecko (D:4)
  36 orcs
  A ball python (D:3)
  8 bats
  4 giant cockroaches
  7 goblins
  7 hobgoblins
  3 jackals (D:5)
  7 quokkas
  4 frilled lizards
  6 kobolds
  A leopard gecko skeleton (D:7)
  A quokka skeleton (D:8)
  4 rats
190 creatures vanquished.

Vanquished Creatures (collateral kills)
  A centaur (D:8)
  An orc (D:8)
2 creatures vanquished.

Grand Total: 192 creatures vanquished

Notes
Turn   | Place    | Note
-------+----------+-------------------------------------------
     0 | D:1      | robertstho the Troll Berserker began the quest for the Orb.
     0 | D:1      | Reached XP level 1. HP: 22/22 MP: 0/0
   167 | D:1      | Reached XP level 2. HP: 29/29 MP: 1/1
   801 | D:2      | Found a faded altar of an unknown god.
   865 | D:2      | Found a blossoming altar of Fedhas.
   887 | D:2      | Found an iron altar of Okawaru.
   892 | D:2      | Reached XP level 3. HP: 30/36 MP: 2/2
  1041 | D:2      | Reached ** piety under Trog
  1064 | D:2      | Found a shimmering altar of Xom.
  1065 | D:2      | Found a burning altar of Makhleb.
  1209 | D:2      | Found a runed translucent door.
  1210 | D:2      | Noticed Crazy Yiuf
  1218 | D:2      | Killed Crazy Yiuf
  1415 | D:3      | Reached XP level 4. HP: 41/45 MP: 3/3
  1418 | D:3      | Reached skill level 4 in Unarmed Combat
  1431 | D:3      | You fall into a shaft and drop 3 floors!
  1445 | D:5      | Entered Level 5 of the Dungeon
  1494 | D:5      | Reached XP level 5. HP: 31/53 MP: 4/4
  1548 | D:5      | Noticed a phantom
  1551 | D:5      | Noticed Edmund
  1575 | D:5      | Killed Edmund
  1575 | D:5      | Reached skill level 5 in Unarmed Combat
  1575 | D:5      | Reached XP level 6. HP: 28/61 MP: 5/5
  1581 | D:5      | Reached skill level 6 in Unarmed Combat
  1594 | D:5      | Found a runed translucent door.
  1594 | D:5      | Noticed a human
  1644 | D:5      | Found a basalt altar of Yredelemnul.
  1785 | D:5      | Noticed Eustachio
  1791 | D:5      | Killed Eustachio
  1791 | D:5      | Reached skill level 7 in Unarmed Combat
  1791 | D:5      | Reached XP level 7. HP: 68/68 MP: 6/6
  2115 | D:5      | Found Wisox's Magic Scroll Shop.
  2123 | D:5      | Bought a scroll of magic mapping for 45 gold pieces
  2123 | D:5      | Bought a scroll of identify for 26 gold pieces
  2123 | D:5      | Bought a scroll of teleportation for 39 gold pieces
  2123 | D:5      | Bought a scroll of remove curse for 39 gold pieces
  2123 | D:5      | Bought a scroll of identify for 26 gold pieces
  2123 | D:5      | Bought a scroll of identify for 26 gold pieces
  2123 | D:5      | Bought a scroll of noise for 13 gold pieces
  2123 | D:5      | Bought a scroll of identify for 26 gold pieces
  2368 | D:4      | Reached skill level 1 in Shields
  2629 | D:4      | Reached XP level 8. HP: 78/78 MP: 7/7
  2681 | D:4      | Reached skill level 8 in Unarmed Combat
  2725 | D:4      | Found a snail-covered altar of Cheibriados.
  3324 | D:3      | Reached *** piety under Trog
  3447 | D:3      | Noticed Jessica
  3453 | D:3      | Killed Jessica
  3613 | D:3      | Found an ancient bone altar of Kikubaaqudgha.
  3768 | D:3      | You fall into a shaft and drop 1 floor!
  4087 | D:5      | Bought a scroll of holy word for 97 gold pieces
  4331 | D:6      | Found a glowing golden altar of the Shining One.
  4331 | D:6      | Noticed an angel
  4335 | D:6      | Found a runed translucent door.
  4343 | D:6      | Found a broken altar of Ashenzari.
  4413 | D:6      | Reached skill level 9 in Unarmed Combat
  4440 | D:6      | Found an ornate altar of the Wu Jian Council.
  4448 | D:6      | Found a basalt altar of Yredelemnul.
  4653 | D:6      | Found a staircase to the Ecumenical Temple.
  4908 | D:7      | Found a sacrificial altar of Ru.
  5031 | D:7      | Reached **** piety under Trog
  5038 | D:7      | Reached skill level 1 in Stealth
  5093 | D:7      | Found an opulent altar of Gozag.
  5096 | D:7      | Found a blossoming altar of Fedhas.
  5099 | D:7      | Found a shimmering blue altar of Sif Muna.
  5107 | D:7      | Found a hide-covered altar of Uskayaw.
  5147 | D:7      | Reached XP level 9. HP: 57/85 MP: 8/8
  5847 | D:8      | Reached skill level 10 in Unarmed Combat
  5945 | D:8      | Found a stormy altar of Qazlal.
  6471 | D:5      | Bought a scroll of identify for 26 gold pieces
  6471 | D:5      | Bought a scroll of blinking for 97 gold pieces
  6471 | D:5      | Bought a scroll of teleportation for 39 gold pieces
  6471 | D:5      | Bought a scroll of teleportation for 39 gold pieces
  6581 | D:9      | Reached skill level 5 in Fighting
  6733 | D:9      | Reached skill level 11 in Unarmed Combat
  6777 | D:9      | Reached ***** piety under Trog
  6883 | D:9      | Found a white marble altar of Elyvilon.
  6956 | D:9      | Found a sparkling altar of Nemelex Xobeh.
  7031 | D:9      | Found a large runed translucent door.
  7032 | D:9      | Found a large runed translucent door.
  7037 | D:9      | Noticed a centaur warrior
  7037 | D:9      | Noticed a fire crab
  7047 | D:9      | Noticed a two-headed ogre
  7049 | D:9      | Noticed a seven-headed hydra
  7053 | D:9      | Killed a two-headed ogre
  7053 | D:9      | Reached XP level 10. HP: 54/96 MP: 9/9
  7058 | D:9      | Slain by a ten-headed hydra

Illustrated notes

Levels and vault maps discovered:
D:1:      dpeg_arrival_radiant, layout_basic
D:2:      layout_rooms, gammafunk_temple_overflow_statue, okawaru_gym_becter,
          chequers_ecumenical_altar_simple, fedhas_ov_isle_minmay,
          uniq_crazy_yiuf_cottage
D:3:      layout_loops_corners, kiku_gazebo_garden_becter, uniq_jessica
D:4:      layout_basic, cheibriados_altar_1
D:5:      layout_loops_ring, serial_shops, nicolae_shop_stone,
          dk_yredelemnul_ordeal, uniq_edmund, uniq_eustachio
D:6:      layout_rooms, ashenzari_conservatory_becter, minitemple,
          minmay_temple_entry_nine_rooms, grunt_decor_one_mirror,
          small_statue_intersection, lemuel_angel_altar
D:7:      layout_loops_ring, nicolae_ru_great_annihilating_truth,
          grunt_temple_overflow_cloverleaf
D:8:      layout_rooms, overflow_temple_1_default, due_unseen_surprise
D:9:      layout_irregular_city, nemelex_xobeh_ov_fountains_minmay,
          kennysheep_mini, serial_shops, shop, kennysheep_decorative_pillar,
          minmay_hollow_rounded_squares

Skill      XL: |  1  2  3  4  5  6  7  8  9 |
---------------+----------------------------+-----
Fighting       | 3 4 5 |  5.3
Unarmed Combat | 4 5 7 9 11 | 11.6
Dodging        | 3 4 |  4.9
Shields        | 1 2 3 |  3.1
Stealth        | 1 |  1.3

Action                   |  1- 3 |  4- 6 |  7- 9 | 10-12 || total
-------------------------+-------+-------+-------+-------++-------
Melee: Unarmed           |    58 |    83 |   385 |     4 ||   530
       Punch             |       |     2 |       |       ||     2
Invok: Berserk           |     2 |     2 |     3 |     1 ||     8
       Trog's Hand       |       |     1 |     2 |       ||     3
       Brothers in Arms  |       |       |     1 |       ||     1
Evoke: Wand              |       |       |     1 |       ||     1
  Use: Potion            |       |     1 |     1 |       ||     2
       Scroll            |       |       |    16 |       ||    16
 Stab: Sleeping          |     1 |       |     3 |       ||     4
       Invisible         |       |       |     1 |       ||     1
       Paralysed         |       |       |     1 |       ||     1
Armor: Animal skin       |    14 |    35 |    90 |     2 ||   141
Dodge: Dodged            |    18 |    50 |   132 |     5 ||   205
Block: Kite shield       |       |    11 |   165 |     6 ||   182

Table legend: (Time is in decaauts)
 A = Elapsed time spent in this place.
 B = Non-inter-level travel time spent in this place.
 C = Inter-level travel time spent in this place.
 D = Time resting spent in this place.
 E = Time spent auto-exploring this place.
 F = Levels seen in this place.
 G = Mean time per level.
                   A        B        C        D        E       F      G
               +--------+--------+--------+--------+--------+-----+--------+
         Total |   7082 |   6398 |    684 |    126 |   5123 |   9 |  786.9 |
       Dungeon |   7082 |   6398 |    684 |    126 |   5123 |   9 |  786.9 |
               +--------+--------+--------+--------+--------+-----+--------+

Top non-repeatable levels by time:
     D:4: 1116 daAuts
     D:5: 953 daAuts
     D:7: 855 daAuts
     D:6: 847 daAuts
     D:3: 835 daAuts
     D:1: 736 daAuts
     D:8: 654 daAuts
     D:2: 582 daAuts
     D:9: 501 daAuts
